 Dungeon Crawl Stone Soup version 0.28-a0-1234-g826d19b2e0 (webtiles) character file.

Game seed: 8985290691809369209

18114 dr0g0th the Fencer (level 12, 0/113 HPs)
             Began as a Minotaur Abyssal Knight on Dec 23, 2021.
             Was the Champion of Lugonu.
             Slain by a skeletal warrior (19 damage)
             ... led by a skeletal warrior
             ... on level 13 of the Dungeon.
             The game lasted 00:22:03 (15950 turns).

dr0g0th the Fencer (Minotaur Abyssal Knight)       Turns: 15950, Time: 00:22:04

Health: 0/113      AC: 20    Str: 22    XL:     12   Next: 24%
Magic:  13/13      EV: 17    Int:  7    God:    Lugonu [******]
Gold:   823        SH:  0    Dex: 12    Spells: 11/11 levels left

rFire   . . .      SeeInvis .   n - +1 falchion (freeze)
rCold   + . .      Faith    .   (no shield)
rNeg    . . .      Spirit   .   l - +3 scale mail {rC+}
rPois   .          Reflect  .   (helmet restricted)
rElec   .          Harm     .   e - +1 cloak
rCorr   .          Rampage  .   y - +1 pair of gloves
Will    .....                   c - +1 pair of boots
Stlth   +.........              (no amulet)
HPRegen 0.28/turn               p - +4 ring of protection
MPRegen 0.13/turn               i - +4 ring of evasion

@: attractive
A: horns 2, retaliatory headbutt, deformed body
a: Renounce Religion, Depart the Abyss, Bend Space, Banish, Corrupt, Enter the
Abyss, Brand Weapon With Distortion


You were on level 13 of the Dungeon.
You worshipped Lugonu.
Lugonu was exalted by your worship.
You visited 1 branch of the dungeon, and saw 13 of its levels.
You visited the Abyss 1 time.
You also visited: Ossuary.

You collected 823 gold pieces.

Inventory:

Hand Weapons
 d - the +9 staff of Olgreb {rPois∞}
   (You found it on level 9 of the Dungeon)

   If the wielder is skilled in Evocations, they can envenom those struck by it,
   dealing poison damage which bypasses armour.
   It enhances your poison magic.
   It grants immunity to poison.
   It can be evoked to radiate toxic energy, with effectiveness depending on
   Evocations skill.
 n - a +1 falchion of freezing (weapon)
 w - a +2 rapier of chaos
 F - the +9 whip of Copaec {vorpal, Contam +Blink rPois Stlth+}
   (You found it on level 9 of the Dungeon)

   It inflicts extra damage upon your enemies.
   rPois:     It protects you from poison.
   +Blink:    It lets you blink.
   Contam:    It causes magical contamination when unequipped.
   Stlth:     It makes you more stealthy.
Armour
 c - a +1 pair of boots (worn)
 e - a +1 cloak (worn)
 l - a +3 scale mail of cold resistance (worn)
 y - a +1 pair of gloves (worn)
Jewellery
 f - a ring of protection from fire
 i - a +4 ring of evasion (right hand)
 p - a +4 ring of protection (left hand)
 t - a ring of positive energy
 A - a ring of magical power
 B - a ring of fire
Wands
 b - a wand of polymorph (5)
 k - a wand of digging (12)
 C - a wand of iceblast (23)
 E - a wand of acid (6)
Scrolls
 o - a scroll of brand weapon {unknown}
 q - 2 scrolls of identify
 s - 4 scrolls of teleportation
 u - a scroll of vulnerability
Potions
 a - a potion of flight
 h - 8 potions of degeneration
 j - a potion of berserk rage {unknown}
 m - 3 potions of attraction
 v - 2 potions of lignification


   Skills:
 + Level 12.3 Fighting
 + Level 15.0 Long Blades
 + Level 11.4 Armour
 + Level 8.6 Dodging
 + Level 2.2 Stealth
 + Level 2.8 Invocations


You had 11 spell levels left.
You didn't know any spells.
Your spell library contained the following spells:

 Spells                   Type           Power      Damage    Failure   Level
 Foxfire                  Conj/Fire      0%         2x1d4     69%         1
 Pain                     Necr           0%         1d4       69%         1
 Corpse Rot               Necr/Air       0%         N/A       83%         2
 Ensorcelled Hibernation  Hex/Ice        0%         N/A       83%         2
 Conjure Flame            Conj/Fire      0%         6-21      96%         3
 Inner Flame              Hex/Fire       0%         N/A       96%         3
 Spider Form              Tmut/Pois      0%         N/A       96%         3
 Dispel Undead            Necr           0%         3d6       100%        4
 Flame Wave               Conj/Fire      0%         2d4       100%        4
 Summon Lightning Spire   Summ/Air       0%         N/A       100%        4
 Agony                    Necr           0%         N/A       100%        5
 Excruciating Wounds      Necr           0%         N/A       100%        5
 Death Channel            Necr           0%         N/A       100%        6
 Storm Form               Tmut/Air       0%         N/A       100%        7
 Maxwell's Capacitive Co  Air            0%         ∞         100%        8


Dungeon Overview and Level Annotations

Branches:
Dungeon (13/15)            Temple (0/1) D:4            Lair (0/6) D:11
    Orc (0/2) D:10        Ossuary (visited)
 Vaults: D:13-14

Altars:
Vehumet
Xom

Shops:
D:3 (   D:4 [   D:5 (   D:7 [

Annotations:
D:9 1 runed translucent door


Innate Abilities, Weirdness & Mutations

You have a pair of horns on your head.
You reflexively headbutt those who attack you in melee.
Armour fits poorly on your strangely shaped body.


Message History

The death knight reflects your damage back at you!
* * * LOW HITPOINT WARNING * * *
Press: ? - help, Shift-Dir - straight line, f - death knight
Aim: a death knight, wielding a +3 battleaxe and wearing a +0 chain mail (heavily wounded, reflecting injuries, chance to affect: 32%)
You fail to use your ability.
The death knight's dark mirror aura disappears.
The death knight hits you with a +3 battleaxe.
* * * LOW HITPOINT WARNING * * *
Press: ? - help, Shift-Dir - straight line, f/p - death knight
Aim: a death knight, wielding a +3 battleaxe and wearing a +0 chain mail (heavily wounded, chance to affect: 32%)
You fail to use your ability.
The death knight hits you with a +3 battleaxe.
* * * LOW HITPOINT WARNING * * *
Space bends around you!
You blink.
You don't have enough health at the moment.
Okay, then.
As you read the scroll of fear, it crumbles to dust.
You assume a fearsome visage.
The death knight easily resists.
The death knight barely misses you.
As you read the scroll of teleportation, it crumbles to dust.
You feel strangely unstable. The death knight completely misses you.
You furiously retaliate!
You headbutt the death knight.
Okay, then.
You feel better.
The death knight hits you with a +3 battleaxe.
* * * LOW HITPOINT WARNING * * *
You feel better.
Your surroundings suddenly seem different. 4 skeletal warriors come into view.
Found 19 arrows.
The skeletal warrior hits you but does no damage.
The skeletal warrior is attracted toward you. x2
The skeletal warrior hits you but does no damage.
The skeletal warrior is attracted toward you.
The skeletal warrior is attracted toward you.
As you open the door, it creaks loudly!
You hear a shout! x3
The skeletal warrior misses you. You furiously retaliate!
You headbutt the skeletal warrior.
The skeletal warrior hits you with a +0 scimitar!!
You die...

......###.#
...§.....#
.(......#
.......#
§.....#
#§....#
#z....#
#zz...#
#@z...#
#...'.##..#
#...#.# ..#
#...#.. .#
#.. #.. #
#.. #... #.
#... #.
#....


You could see 4 skeletal warriors.

Vanquished Creatures
  A centaur warrior (D:12)
  2 two-headed ogres (D:12)
  3 wolf spiders (D:9)
  2 ugly things (D:12)
  A deep elf pyromancer (D:12)
  A cyclops (D:12)
  An elephant (D:11)
  3 black mambas (D:9)
  A gargoyle (D:6)
  2 komodo dragons
  2 kobold demonologists
  4 trolls
  5 hornets
  5 redbacks (D:9)
  A vampire (D:11)
  2 wyverns
  3 wraiths
  A yak (D:11)
  A basilisk (D:11)
  3 steam dragons
  2 vampire mosquitoes (D:11)
  3 water moccasins
  2 acid dragons
  3 sky beasts
  3 black bears
  An ice beast (D:7)
  8 orc warriors
  A hornet zombie (D:7)
  3 necrophages
  2 ogres
  4 centaurs
  A phantom (D:5)
  3 kobold brigands
  A scorpion (D:5)
  A bullfrog (D:7)
  3 gnoll sergeants
  A wyvern zombie (D:8)
  4 howler monkeys
  10 killer bees
  5 wights
  5 electric eels
  5 centaur zombies
  4 hounds
  A jelly (D:5)
  11 orc priests
  3 centaur skeletons
  A gnoll shaman (D:3)
  Crazy Yiuf (D:2)
  A bullfrog skeleton (D:6)
  Terence (D:2)
  2 iguanas
  12 orc wizards
  3 killer bee zombies
  6 mummies (Ossuary)
  A howler monkey zombie (D:8)
  22 gnolls
  17 adders
  5 river rats (D:3)
  A white imp (D:7)
  An adder skeleton (D:4)
  4 worms
  4 dart slugs
  61 orcs
  5 bats
  9 endoplasms
  3 giant cockroaches
  5 goblins
  3 hobgoblins
  2 jackals (D:1)
  19 kobolds
  2 quokkas
  3 ball pythons
  3 frilled lizards
  2 gnoll zombies (Ossuary)
  2 hobgoblin zombies (Ossuary)
  A kobold zombie (Ossuary)
  2 orc zombies (Ossuary)
  10 rats
348 creatures vanquished.

Vanquished Creatures (others)
  22 fungi
  A plant (D:11)
  3 toadstools (D:8)
26 creatures vanquished.

Grand Total: 374 creatures vanquished

Notes
Turn   | Place    | Note
-------+----------+-------------------------------------------
     0 | Abyss:1  | dr0g0th the Minotaur Abyssal Knight began the quest for the
                  | Orb.
     0 | Abyss:1  | Reached XP level 1. HP: 19/19 MP: 1/1
     9 | D:1      | Escaped the Abyss
   216 | D:1      | Reached XP level 2. HP: 21/27 MP: 2/2
   436 | D:1      | Found a faded altar of an unknown god.
   605 | D:1      | Reached ** piety under Lugonu
   632 | D:1      | Reached XP level 3. HP: 34/34 MP: 3/3
   790 | D:1      | Reached skill level 3 in Long Blades
  1178 | D:2      | Reached XP level 4. HP: 23/41 MP: 4/4
  1481 | D:2      | Noticed Terence
  1493 | D:2      | Reached skill level 4 in Long Blades
  1496 | D:2      | Killed Terence
  1780 | D:2      | Reached XP level 5. HP: 44/47 MP: 5/5
  1912 | D:2      | Found a runed translucent door.
  1913 | D:2      | Noticed Crazy Yiuf
  1922 | D:2      | Killed Crazy Yiuf
  1923 | D:2      | Reached skill level 5 in Fighting
  1923 | D:2      | Reached skill level 5 in Long Blades
  2048 | D:3      | Noticed an ogre
  2073 | D:3      | Killed an ogre
  2074 | D:3      | Reached skill level 6 in Long Blades
  2074 | D:3      | Reached XP level 6. HP: 38/56 MP: 6/6
  2191 | D:3      | Reached *** piety under Lugonu
  2421 | D:3      | Found Boirup's Weapon Boutique.
  2577 | D:3      | Reached skill level 7 in Long Blades
  2577 | D:3      | Reached XP level 7. HP: 49/61 MP: 7/7
  2587 | D:3      | Found a glowing drain.
  3213 | D:4      | Found a staircase to the Ecumenical Temple.
  3393 | D:4      | Found Gommup Car's Armour Shoppe.
  3596 | D:5      | Entered Level 5 of the Dungeon
  3662 | D:5      | Found Ahodgh's Firing Range.
  3873 | D:5      | Reached skill level 8 in Long Blades
  3908 | D:5      | Reached skill level 5 in Armour
  4326 | D:5      | Reached XP level 8. HP: 67/70 MP: 8/8
  4511 | D:5      | Reached **** piety under Lugonu
  4512 | D:5      | Reached skill level 9 in Long Blades
  5093 | D:5      | Reached skill level 1 in Stealth
  5782 | D:6      | Reached skill level 10 in Long Blades
  6035 | D:6      | Reached XP level 9. HP: 78/78 MP: 9/9
  6038 | D:6      | Noticed a gargoyle
  6057 | D:6      | Killed a gargoyle
  6473 | D:6      | Reached skill level 11 in Long Blades
  6625 | D:7      | Found a sand-covered staircase.
  6634 | Ossuary  | Entered an ossuary
  7117 | D:7      | Paralysed by a hornet for 3 turns
  7128 | D:7      | Reached ***** piety under Lugonu
  7129 | D:7      | Reached skill level 12 in Long Blades
  7290 | D:7      | Found a radiant altar of Vehumet.
  7311 | D:7      | Found a large runed translucent door.
  7311 | D:7      | Found a large runed translucent door.
  7311 | D:7      | Found a shimmering altar of Xom.
  7486 | D:7      | Found Moni Tuu's Armour Shoppe.
  8730 | D:7      | Paralysed by a kobold brigand for 3 turns
  9140 | D:8      | Reached XP level 10. HP: 88/88 MP: 10/10
  9888 | D:9      | Reached skill level 5 in Dodging
 10220 | D:9      | Found the +9 staff of Olgreb {rPois∞}
 10224 | D:9      | Found a runed translucent door.
 10240 | D:9      | Found a runed translucent door.
 10250 | D:9      | Identified the +9 whip of Copaec {vorpal, Contam +Blink
                  | rPois Stlth+}
 10347 | D:9      | Paralysed by a hornet for 1 turns
 10665 | D:9      | Noticed a wolf spider
 10665 | D:9      | Noticed a wolf spider
 10666 | D:9      | Found a runed translucent gate.
 10666 | D:9      | Found a runed translucent gate.
 10666 | D:9      | Noticed a wolf spider
 10679 | D:9      | Found a runed translucent gate.
 10681 | D:9      | Noticed a black mamba
 10681 | D:9      | Noticed a black mamba
 10681 | D:9      | Noticed a black mamba
 10857 | D:9      | Killed a black mamba
 10870 | D:9      | Killed a wolf spider
 10871 | D:9      | Reached skill level 13 in Long Blades
 10876 | D:9      | Gained mutation: Armour fits poorly on your strangely
                  | shaped body. [potion of mutation]
 10882 | D:9      | Killed a wolf spider
 10885 | D:9      | Killed a black mamba
 11261 | D:9      | Killed a black mamba
 11369 | D:9      | Reached XP level 11. HP: 79/99 MP: 12/12
 11500 | D:9      | Killed a wolf spider
 11501 | D:9      | Reached skill level 10 in Armour
 11507 | D:9      | Reached skill level 10 in Fighting
 11885 | D:9      | Reached skill level 14 in Long Blades
 12028 | D:10     | Entered Level 10 of the Dungeon
 12361 | D:10     | Found a staircase to the Orcish Mines.
 12713 | D:10     | Reached ****** piety under Lugonu
 13411 | D:11     | Found a staircase to the Lair.
 14461 | D:12     | Noticed a deep elf pyromancer
 14464 | D:12     | Noticed a centaur warrior
 14464 | D:12     | Noticed a brown ugly thing
 14465 | D:12     | Noticed a two-headed ogre
 14593 | D:12     | Killed a centaur warrior
 15034 | D:12     | Reached XP level 12. HP: 101/112 MP: 13/13
 15300 | D:12     | Killed a two-headed ogre
 15305 | D:12     | Noticed a two-headed ogre
 15312 | D:12     | Killed a two-headed ogre
 15653 | D:12     | Reached skill level 15 in Long Blades
 15914 | D:12     | Noticed a death knight
 15941 | D:13     | HP: 3/113 [death knight (5)]
 15950 | D:13     | Slain by a skeletal warrior

Illustrated notes

Levels and vault maps discovered:
D:1:      dpeg_arrival_snail, layout_loops_ring,
          hellmonk_ecumenical_altar_crossroads
D:2:      layout_rooms, nicolae_concentric_dashed_squares_mild, uniq_terence,
          uniq_crazy_yiuf_cottage
D:3:      layout_loops_cross, lightli_sewer_entry_pipes, serial_shops,
          nicolae_shop_bloodbath_and_beyond
D:4:      layout_loops_ring, minmay_temple_entry_stoned_glass, serial_shops,
          kennysheep_mini, kennysheep_generic_room_14
D:5:      kennysheep_steamy, layout_layer_cave, nicolae_shop_firing_range
D:6:      layout_basic
D:7:      due_chaos_kobolds, layout_basic, mainiacjoe_overflow_surrounded_room,
          serial_shops, nicolae_inconvenience_store,
          nicolae_ossuary_entry_monument, grunt_decor_fettered,
          minmay_misc_feat_tower
D:8:      layout_rooms, minmay_gold_behind_fungi, minmay_misc_feat_alley
D:9:      layout_rooms, fungi_pond_lemuel, minmay_guarded_unrand_staff_of_olgreb
D:10:     layout_loops_ring, david_orc_2, serial_undead, serial_undead_e,
          serial_undead_b, serial_undead_c, serial_undead_c, special_room
          [special_room_orc]
D:11:     layout_irregular_city, david_lair_generic, kennysheep_boxes
D:12:     layout_long_grid, chequers_serial_rivers_large_a,
          minmay_increasing_density
D:13:     layout_stronghold, ximxim_vaults_locker_room, chequers_mini_garden,
          due_unseen_surprise, uniq_urug

Skill      XL: |  1  2  3  4  5  6  7  8  9 10 11 12 |
---------------+-------------------------------------+-----
Fighting       | 4 5 6 8 9 11 12 | 12.3
Long Blades    | 3 4 6 7 8 10 12 13 14 15 | 15.0
Invocations    | 2 |  2.8
Armour         | 3 4 5 6 8 9 10 11 | 11.4
Dodging        | 2 3 4 6 8 |  8.6
Stealth        | 1 2 |  2.2

Action                   |  1- 3 |  4- 6 |  7- 9 | 10-12 || total
-------------------------+-------+-------+-------+-------++-------
Melee: Falchion          |    71 |   140 |   431 |   702 ||  1344
       Headbutt          |     8 |    26 |    89 |   118 ||   241
Invok: Bend Space        |       |       |     4 |     1 ||     5
  Use: Scroll            |     1 |       |    14 |     9 ||    24
       Potion            |       |       |     5 |    18 ||    23
 Stab: Fleeing           |       |       |       |     1 ||     1
Armor: Leather armour    |    14 |     6 |       |       ||    20
       Scale mail        |       |    52 |   165 |   234 ||   451
       Skin              |       |       |       |    69 ||    69
Dodge: Dodged            |    47 |   106 |   275 |   364 ||   792

Table legend: (Time is in decaauts)
 A = Elapsed time spent in this place.
 B = Non-inter-level travel time spent in this place.
 C = Inter-level travel time spent in this place.
 D = Time resting spent in this place.
 E = Time spent auto-exploring this place.
 F = Levels seen in this place.
 G = Mean time per level.
                   A        B        C        D        E       F      G
               +--------+--------+--------+--------+--------+-----+--------+
         Total |  15622 |  15270 |    352 |   3699 |   9142 |  15 | 1041.5 |
       Dungeon |  15335 |  14983 |    352 |   3699 |   8961 |  13 | 1179.6 |
         Abyss |      9 |      9 |      0 |      0 |      6 |   1 |    9.0 |
       Ossuary |    278 |    278 |      0 |      0 |    175 |   1 |  278.0 |
               +--------+--------+--------+--------+--------+-----+--------+

Top non-repeatable levels by time:
     D:7: 2175 daAuts
     D:5: 2091 daAuts
     D:9: 1713 daAuts
    D:12: 1514 daAuts
    D:11: 1312 daAuts
     D:2: 1057 daAuts
     D:8: 1045 daAuts
     D:3: 1018 daAuts
     D:1: 944 daAuts
    D:10: 940 daAuts
     D:6: 896 daAuts
     D:4: 614 daAuts
 Ossuary: 278 daAuts
    D:13: 11 daAuts
 Abyss:1: 9 daAuts
